 Dungeon Crawl Stone Soup version 0.24.0-1-gfbc8707 (webtiles) character file.

Game seed: 17471925270620828873, levelgen mode: deterministic

6077 AverageBear the Cleaver (level 10, 0/80 HPs)
             Began as a Deep Dwarf Gladiator on Nov 1, 2019.
             Was an Initiate of Gozag.
             Slain by a komodo dragon (11 damage)
             ... on level 1 of the Lair of Beasts.
             The game lasted 00:19:56 (7297 turns).

AverageBear the Cleaver (Deep Dwarf Gladiator)      Turns: 7297, Time: 00:19:56

Health: 0/80       AC: 20    Str: 20    XL:     10   Next: 57%
Magic:  2/2        EV:  9    Int: 10    God:    Gozag
Gold:   584        SH:  0    Dex: 16    Spells: 9/9 levels left

rFire    + + .     SeeInvis +   w - +3 hand axe
rCold    . . .     Gourm    .   (no shield)
rNeg     . . .     Faith    .   E - +2 chain mail {rPois}
rPois    +         Spirit   .   c - +1 helmet
rElec    .         Reflect  .   p - +0 cloak
rCorr    .         Harm     .   (no gloves)
MR       +....                  o - +1 pair of boots
Stlth    ..........             (no amulet)
HPRegen  0.00/turn              y - -3 ring of evasion
MPRegen  0.08/turn              v - ring of Nueppequan {rPois rF++ Slay+2}

@: non-regenerating, studying Bows
A: damage resistance, heal wounds, hooves 1, see invisible, agile 1, sense
surroundings 2, no regeneration
a: Heal Wounds, Potion Petition, Call Merchant, Bribe Branch, Renounce Religion


You were on level 1 of the Lair of Beasts.
You worshipped Gozag.
Gozag was pleased with you.
You were hungry.

You visited 3 branches of the dungeon, and saw 11 of its levels.

You collected 1038 gold pieces.
You spent 318 gold pieces at shops.
You paid 136 gold pieces to Gozag.

Inventory:

Hand Weapons
 a - a +1 war axe
 e - a +0 battleaxe
 h - the +1 lajatang "Dwarf's Bane" {slice, MR+++}
   (You found it on level 8 of the Dungeon)

   It inflicts extra damage upon your enemies.
   It affects your resistance to hostile enchantments.
 i - a +1 short sword of venom
 w - a +3 hand axe (weapon)
Missiles
 d - 3 throwing nets (quivered)
 l - 11 boomerangs
Armour
 c - a +1 helmet (worn)
 o - a +1 pair of boots (worn)
 p - a +0 cloak (worn)
 E - a +2 chain mail of poison resistance (worn)
Jewellery
 v - the ring of Nueppequan (right hand) {rPois rF++ Slay+2}
   (You found it on level 7 of the Dungeon)

   [ring of poison resistance]

   It affects your accuracy and damage with ranged weapons and melee attacks
   (+2).
   It greatly protects you from fire.
   It protects you from poison.
 x - an uncursed ring of wizardry
 y - a -3 ring of evasion (left hand)
Wands
 j - a wand of scattershot (4)
 s - a wand of polymorph (6)
Scrolls
 g - a scroll of fear
 k - 4 scrolls of immolation
 m - 2 scrolls of amnesia
 n - 4 scrolls of enchant weapon
 r - 7 scrolls of teleportation
 t - 3 scrolls of remove curse
 z - 5 scrolls of identify
Potions
 b - a potion of magic
 q - 2 potions of brilliance
 D - a potion of might
Books
 B - a manual of Bows
Comestibles
 f - 20 rations


   Skills:
 - Level 1.8 Fighting
 + Level 12.0 Axes
 - Level 1.8 Throwing
 - Level 11.2 Armour
 - Level 7.0 Dodging


You had 9 spell levels left.
You didn't know any spells.
Your spell library was empty.

Dungeon Overview and Level Annotations

Branches:
Dungeon (9/15)             Temple (1/1) D:4            Lair (1/6) D:8
    Orc (0/2) D:9

Altars:
Ashenzari
Cheibriados
Dithmenos
Elyvilon
Fedhas
Gozag
Hepliaklqana
Kikubaaqudgha
Makhleb
Nemelex Xobeh
Okawaru
Qazlal
Ru
Sif Muna
Trog
Uskayaw
Vehumet
Wu Jian
Xom
Yredelemnul
Zin
The Shining One

Shops:
D:5 *

Annotations:
Lair:1 exclusion: oklob plant


Innate Abilities, Weirdness & Mutations

You are resistant to damage.
You can heal yourself by infusing magical energy.
You passively map the area around you.
You do not regenerate.
You have large cloven feet.
You have supernaturally acute eyesight. (SInv)
You are agile. (Dex +2)


Message History

The komodo dragon closely misses you.
You closely miss the komodo dragon.
The komodo dragon is almost dead.
The komodo dragon bites you but does no damage.
You barely miss the komodo dragon.
The komodo dragon is almost dead.
You hit the komodo dragon.
The komodo dragon is almost dead.
The komodo dragon barely misses you.
You hit the komodo dragon.
The komodo dragon is almost dead.
The komodo dragon closely misses you.
Unknown command.
You hit the komodo dragon.
The komodo dragon is almost dead.
You hit the komodo dragon but do no damage.
The komodo dragon is almost dead.
The komodo dragon bites you!
You die...
Your body crumbles into a pile of gold.

,,
...#...P.......,,
* , ,
............... ,
,, ,
............... ,
, * ...#........
, ,, , * * * *
........ , ,,, ,
* #...# , ,, , *
#<..# , ≈
#.≈≈#l## , * ,
#.≈≈#@# , >, ,, *
#.≈##.$.>.... , *
#.≈ #≈.....## ,,
#.≈≈≈≈.#...#* ,,
* #., ...#....# ,
* ## ...#.,...( ,
, ..... ##. , ,
*#.....# ≈#., * ,
, , ,


You could see a komodo dragon.

Vanquished Creatures
  An ugly thing (D:8)
  A troll (D:8)
  A yak (D:8)
  A spriggan (D:8)
  A wraith (D:6)
  4 vampire mosquitoes (D:8)
  Eustachio (D:4)
  Menkaure (D:7)
  A hungry ghost (D:7)
  Duvessa (D:7)
  A porcupine (Lair:1)
  A black bear (D:8)
  An orc warrior (D:7)
  3 phantoms
  2 ice beasts
  5 ogres
  2 centaurs (D:7)
  5 big kobolds
  5 bullfrogs
  A gnoll sergeant (D:9)
  2 scorpions
  Dowan (D:7)
  7 wights
  3 killer bees (D:8)
  A howler monkey (D:5)
  5 crimson imps
  A bullfrog zombie (D:8)
  A hound (D:4)
  4 orc wizards
  8 orc priests
  A gnoll shaman (D:5)
  A bullfrog skeleton (D:6)
  2 jellies
  4 iguanas
  4 worker ants
  A hound skeleton (D:6)
  Robin (D:4)
  7 adders
  16 gnolls
  2 oozes (D:1)
  2 adder skeletons
  5 worms
  4 dart slugs
  6 leopard geckos
  35 orcs
  5 bats
  6 giant cockroaches
  58 goblins
  28 hobgoblins
  10 jackals
  21 kobolds
  2 quokkas
  2 frilled lizards (D:2)
  A jackal zombie (D:6)
  2 leopard gecko skeletons
  A quokka skeleton (D:5)
  A quokka zombie (D:5)
  4 rats
304 creatures vanquished.

Vanquished Creatures (others)
  A howler monkey (D:4)
  An adder (D:4)
  A leopard gecko (D:4)
  2 orcs (D:4)
  A jackal (D:4)
6 creatures vanquished.

Grand Total: 310 creatures vanquished

Notes
Turn   | Place    | Note
-------+----------+-------------------------------------------
     0 | D:1      | AverageBear the Deep Dwarf Gladiator began the quest for
                  | the Orb.
     0 | D:1      | Reached XP level 1. HP: 19/19 MP: 1/1
    18 | D:1      | Reached XP level 2. HP: 24/26 MP: 2/2
   389 | D:1      | Reached skill level 4 in Axes
   530 | D:1      | Reached XP level 3. HP: 26/32 MP: 3/3
   866 | D:2      | Found a burning altar of Makhleb.
   888 | D:2      | Reached skill level 5 in Axes
   905 | D:2      | Reached XP level 4. HP: 28/39 MP: 4/4
  1084 | D:2      | Found a basalt altar of Yredelemnul.
  1084 | D:2      | Found a hide-covered altar of Uskayaw.
  1727 | D:3      | Found a sparkling altar of Nemelex Xobeh.
  1922 | D:3      | Reached skill level 6 in Axes
  1922 | D:3      | Reached XP level 5. HP: 26/45 MP: 5/5
  2061 | D:3      | Reached skill level 1 in Armour
  2158 | D:3      | Found a shimmering blue altar of Sif Muna.
  2294 | D:4      | Reached XP level 6. HP: 41/52 MP: 6/6
  2315 | D:4      | Found a staircase to the Ecumenical Temple.
  2368 | Temple   | Entered the Ecumenical Temple
  2488 | D:4      | Found a shimmering altar of Xom.
  2493 | D:4      | Got a sheer robe
  2503 | D:4      | Noticed Robin
  2526 | D:4      | Killed Robin
  2722 | D:4      | Reached skill level 5 in Armour
  2862 | D:4      | Noticed Eustachio
  2863 | D:4      | Gained mutation: Scrolls take you a little longer to read.
                  | [potion of mutation]
  2863 | D:4      | Gained mutation: You are somewhat resistant to further
                  | mutation. [potion of mutation]
  2864 | D:4      | Lost mutation: You are somewhat resistant to further
                  | mutation. [potion of mutation]
  2864 | D:4      | Lost mutation: Scrolls take you a little longer to read.
                  | [potion of mutation]
  2864 | D:4      | Gained mutation: Your spells are a little easier to cast,
                  | but a little less powerful. [potion of mutation]
  2864 | D:4      | Gained mutation: Your body sometimes deteriorates upon
                  | taking damage. [potion of mutation]
  2864 | D:4      | Gained mutation: You have supernaturally acute eyesight.
                  | (SInv) [potion of mutation]
  2900 | D:4      | Killed Eustachio
  2900 | D:4      | Reached XP level 7. HP: 25/58 MP: 7/7
  2950 | D:4      | Reached skill level 7 in Axes
  3007 | D:4      | Reached skill level 8 in Axes
  3434 | D:5      | Entered Level 5 of the Dungeon
  3535 | D:5      | Reached XP level 8. HP: 15/67 MP: 7/7
  3785 | D:5      | Reached skill level 9 in Axes
  3885 | D:5      | Found Veigisah's General Store.
  3889 | D:5      | Bought a scroll of identify for 26 gold pieces
  3913 | D:5      | Identified the +1 robe "Nahagi" {-Tele rF- Str+4 Int+8}
                  | (You found it on level 4 of the Dungeon)
  4494 | D:6      | Found a white marble altar of Elyvilon.
  4495 | D:6      | Found a shattered altar of Ashenzari.
  4495 | D:6      | Found a glowing silver altar of Zin.
  4498 | D:6      | Reached skill level 10 in Axes
  4539 | D:6      | Found a sacrificial altar of Ru.
  4712 | D:6      | Reached skill level 11 in Axes
  4754 | D:6      | Found an opulent altar of Gozag.
  4846 | D:6      | Gained mutation: You passively map the area around you.
                  | [Deep Dwarf growth]
  4846 | D:6      | Reached XP level 9. HP: 48/73 MP: 6/6
  4891 | D:6      | Became a worshipper of Gozag Ym Sagoz the Greedy
  5121 | D:6      | Reached skill level 12 in Axes
  5478 | D:7      | Got a pitted bone ring
  5580 | D:7      | Noticed Duvessa
  5580 | D:7      | Noticed Dowan
  5595 | D:7      | Killed Dowan
  5616 | D:7      | Killed Duvessa
  5663 | D:7      | Noticed Menkaure
  5680 | D:7      | Killed Menkaure
  6055 | D:5      | Bought a potion of might for 52 gold pieces
  6055 | D:5      | Bought a +2 chain mail of poison resistance for 240 gold
                  | pieces
  6154 | D:8      | Found an iron altar of Okawaru.
  6253 | D:8      | Identified the ring of Nueppequan {rPois rF++ Slay+2} (You
                  | found it on level 7 of the Dungeon)
  6256 | D:8      | Noticed a moth of wrath
  6258 | D:8      | Found a bloodstained altar of Trog.
  6314 | D:8      | Got a transparent lajatang
  6315 | D:8      | Identified the cursed +1 lajatang "Dwarf's Bane" {slice,
                  | MR+++} (You found it on level 8 of the Dungeon)
  6431 | D:8      | Reached XP level 10. HP: 27/80 MP: 5/5
  6441 | D:8      | Reached skill level 10 in Armour
  6540 | D:8      | Noticed a green ugly thing
  6566 | D:8      | Killed a green ugly thing
  6630 | D:8      | Reached skill level 5 in Dodging
  6720 | D:8      | Found a staircase to the Lair.
  6919 | D:8      | Lost mutation: Your spells are a little easier to cast, but
                  | a little less powerful. [potion of mutation]
  6919 | D:8      | Lost mutation: Your body sometimes deteriorates upon taking
                  | damage. [potion of mutation]
  6919 | D:8      | Gained mutation: You are agile. (Dex +2) [potion of
                  | mutation]
  6919 | D:8      | Gained mutation: You have large cloven feet. [potion of
                  | mutation]
  7152 | D:9      | Found a staircase to the Orcish Mines.
  7274 | Lair:1   | Entered Level 1 of the Lair of Beasts
  7274 | Lair:1   | Noticed an oklob plant
  7297 | Lair:1   | Slain by a komodo dragon

Levels and vault maps discovered:
D:1:      minmay_arrival_split_and_join, layout_loops_ring, st_stairs_8,
          grunt_decor_arrowhead, chequers_serial_rivers_marsh
D:2:      layout_loops_ring, gammafunk_temple_overflow_elements,
          old_standard_altar, chequers_serial_rivers_micro_d, minmay_tall_x
D:3:      layout_loops_cross, old_standard_altar, lemuel_crystal_altar,
          first_ration
D:4:      minmay_goblin_kobold_castle, layout_rooms, xom_confusion_cloud,
          temple_fountains, uniq_robin, uniq_eustachio
D:5:      corexii_shantytown, layout_loops_ring, serial_shops, shop
D:6:      layout_basic, nicolae_overflow_crystal_walls,
          grunt_temple_overflow_open,
          nicolae_gozag_cash_rules_everything_around_me, minmay_manual_mail
D:7:      layout_rooms, uniq_menkaure, uniq_duvessa
D:8:      minmay_bloctagon_deflated, layout_cave_pools, tgw_trog,
          okawaru_trees_1, lair_entry_dummy, the_bakery
D:9:      layout_roguey, kennysheep_orc_monster_closet_entryway,
          kennysheep_pointless_box
Temple:   kb_temple_of_zot
Lair:1:   layout_gridlike, dpeg_stationary_puzzle, uniq_joseph

Skill      XL: |  1  2  3  4  5  6  7  8  9 10 |
---------------+-------------------------------+-----
Axes           | 4 5 6 8 11 12 | 12.0
Armour         | 3 5 9 11 | 11.2
Dodging        | 4 7 |  7.0
Fighting       | |  1.8
Throwing       | |  1.8

Action                   |  1- 3 |  4- 6 |  7- 9 | 10-12 || total
-------------------------+-------+-------+-------+-------++-------
Melee: War axe           |    67 |   265 |   186 |       ||   518
       Hand axe          |       |       |   459 |   183 ||   642
 Abil: Heal Wounds       |       |     1 |    13 |     7 ||    21
Evoke: Wand              |       |       |       |     2 ||     2
  Use: Scroll            |     1 |     4 |    10 |       ||    15
       Potion            |       |     7 |     5 |     3 ||    15
 Stab: Sleeping          |     3 |       |       |       ||     3
       Distracted        |       |       |     3 |     1 ||     4
  Eat: Chunk             |       |     7 |     7 |       ||    14
       Ration            |       |       |     3 |       ||     3
Armor: Leather armour    |    27 |    10 |       |       ||    37
       Ring mail         |       |    89 |   132 |       ||   221
       Skin              |       |     5 |       |       ||     5
       Chain mail        |       |       |   119 |   124 ||   243
Dodge: Dodged            |    70 |   225 |   280 |    77 ||   652
